 Dungeon Crawl Stone Soup version 0.23.2-1-ga50397a (webtiles) character file.

Game seed: 13656534465892514791

23023 night the Cruncher (level 13, 0/76 HPs)
             Began as a Gargoyle Gladiator on May 4, 2019.
             Was a High Priest of Makhleb.
             Slain by Rupert
             ... wielding a +2 battleaxe of freezing
              (12 damage)
             ... on level 5 of the Lair of Beasts on May 5, 2019.
             The game lasted 00:53:53 (17186 turns).

night the Cruncher (Gargoyle Gladiator)            Turns: 17186, Time: 00:53:53

Health: 0/76       AC: 25    Str: 24    XL:     13   Next: 4%
Magic:  20/20      EV: 13    Int: 12    God:    Makhleb [*****.]
Gold:   1106       SH:  0    Dex: 11    Spells: 11/12 levels left

rFire    + . .     SeeInvis .   G - +3 flail of Ambiguity {flame, Str+4}
rCold    . . .     Gourm    .   (no shield)
rNeg     + . .     Faith    .   R - +2 ring mail {rF+}
rPois    ∞         Spirit   .   c - +0 helmet
rElec    +         Reflect  .   F - +0 cloak
rCorr    .         Harm     .   I - +2 pair of gloves
MR       +....                  C - +0 pair of boots
Stlth    +.........             Q - amulet of regeneration
HPRegen  0.62/turn              X - +1 ring of evasion
MPRegen  0.17/turn              J - ring of protection from magic

@: very slightly contaminated
A: negative energy resistance 1, electricity resistance, unbreathing,
petrification resistance, rot immunity, AC +9
a: Minor Destruction, Lesser Servant of Makhleb, Major Destruction, Greater
Servant of Makhleb, Renounce Religion


You were on level 5 of the Lair of Beasts.
You worshipped Makhleb.
Makhleb was extremely pleased with you.
You were not hungry.

You visited 3 branches of the dungeon, and saw 16 of its levels.
You also visited: Ossuary.

You collected 1106 gold pieces.

Inventory:

Hand Weapons
 a - a +0 quarterstaff of freezing
 b - a +0 shortbow
 G - the +3 flail of Ambiguity (weapon) {flame, Str+4}
   (You found it on level 2 of the Lair of Beasts)

   It has been specially enchanted to burn those struck by it, causing extra
   injury to most foes and up to half again as much damage against particularly
   susceptible opponents.
   It affects your strength (+4).
 T - a +1 quarterstaff
Missiles
 d - 4 throwing nets (quivered)
 j - 125 arrows
 k - 375 stones
 v - 81 bolts
 Z - 5 javelins
Armour
 c - a +0 helmet (worn)
 g - a +0 scale mail
 C - a +0 pair of boots (worn)
 F - a +0 cloak (worn)
 I - a +2 pair of gloves (worn)
 R - a +2 ring mail of fire resistance (worn)
 S - a scarf of cloud immunity
Magical Staves
 O - an uncursed staff of death
Jewellery
 i - an uncursed ring of ice
 p - an uncursed ring of magical power
 B - an uncursed ring of flight
 J - a ring of protection from magic (right hand)
 Q - an amulet of regeneration (around neck)
 X - a +1 ring of evasion (left hand)
Wands
 n - a wand of random effects (23)
 N - a wand of iceblast (15)
 U - a wand of digging (3)
 Y - a wand of enslavement (1)
Scrolls
 e - 5 scrolls of magic mapping
 h - 5 scrolls of blinking
 r - 8 scrolls of teleportation
 s - 11 scrolls of remove curse
 x - a scroll of amnesia
 y - a scroll of fog
 E - 2 scrolls of identify
 H - 3 scrolls of enchant weapon
 M - a scroll of holy word
 P - 2 scrolls of fear
 V - a scroll of torment
Potions
 l - 2 potions of haste
 m - 4 potions of curing
 o - 5 potions of lignification
 q - 4 potions of mutation
 t - 4 potions of cancellation
 u - 2 potions of ambrosia
 w - 2 potions of agility
 z - a potion of invisibility {unknown}
 A - 3 potions of magic
 D - 2 potions of flight
 K - 2 potions of might
 L - a potion of heal wounds
Comestibles
 f - 32 rations
 W - 11 chunks of flesh


   Skills:
 + Level 7.4 Fighting
 + Level 3.1(9.6) Maces & Flails
 - Level 13.7(13.8) Staves
 + Level 9.7 Bows
 - Level 1.7 Throwing
 + Level 7.1 Armour
 - Level 2.4 Dodging
 + Level 10.1 Invocations


You had 11 spell levels left.
You knew the following spells:

 Your Spells              Type           Power        Failure   Level  Hunger
a - Apportation           Tloc           #.....       43%         1    ##.....

Your spell library contained the following spells:

 Spells                   Type           Power        Failure   Level  Hunger
 Animate Skeleton         Necr           N/A          43%         1    ##.....
 Beastly Appendage        Tmut           #.....       43%         1    ##.....
 Confusing Touch          Hex            #.....       43%         1    ##.....
 Summon Small Mammal      Summ           #...         43%         1    ##.....
 Corpse Rot               Necr           N/A          58%         2    ###....
 Sticks to Snakes         Tmut           #.......     58%         2    ###....
 Spider Form              Tmut/Pois      #.........   82%         3    ####...
 Ice Form                 Ice/Tmut       #.......     99%         4    #####..
 Agony                    Necr           #.......     100%        5    ######.
 Blade Hands              Tmut           #.........   100%        5    ######.
 Bolt of Draining         Conj/Necr      #.........   100%        5    ######.
 Dispel Undead            Necr           #.......     100%        5    ######.
 Excruciating Wounds      Chrm/Necr      #.........   100%        5    ######.
 Sublimation of Blood     Necr           Unusable     N/A         2    N/A

Dungeon Overview and Level Annotations

Branches:
Dungeon (10/15)            Temple (1/1) D:7            Lair (5/6) D:8
 Shoals (0/4) Lair:2       Spider (0/4) Lair:3
  Slime: Lair:5-6       Orc: D:9-12

Altars:
Ashenzari
Cheibriados
Dithmenos
Elyvilon
Fedhas
Gozag
Hepliaklqana
Kikubaaqudgha
Makhleb
Nemelex Xobeh
Okawaru
Qazlal
Ru
Sif Muna
Trog
Uskayaw
Vehumet
Wu Jian
Xom
Yredelemnul
Zin
The Shining One

Annotations:
Lair:2 2 transporters, exclusion: 3 oklob plants, Junaliek's ghost, journeyman MiFi
Lair:5 Rupert


Innate Abilities, Weirdness & Mutations

You are resistant to torment.
Your stone body is resilient. (AC +9)
You are immune to poison.
You resist negative energy. (rN+)
You are resistant to electric shocks. (rElec)
You can survive without breathing.
You are immune to petrification.
You are immune to rotting.


Message History

As you read the scroll of blinking, it crumbles to dust.
Your orange demon closely misses Rupert.
Rupert rages.
Your orange demon stings Rupert from afar!
Your orange demon barely misses the bullfrog.
Your orange demon closely misses the bullfrog.
Rupert rages.
There is a stone staircase leading up here.
Evoke which item? (* to show all) (? for menu, Esc to quit)
Aiming: Iceblast
Press: ? - help, Shift-Dir - straight line, f - Rupert
Aim: Rupert, wielding a +2 battleaxe of freezing and wearing a +0 chain mail (severely wounded, berserk, fast, unusually strong)
The mass of ice explodes!
The iceblast engulfs Rupert!
Rupert is severely wounded.
The iceblast engulfs the bullfrog!
The bullfrog is heavily wounded.
The iceblast engulfs the plant.
The plant is lightly damaged.
Rupert hits you with a +2 battleaxe of freezing!
You die...

................>................
.................###.P#.......#..
................P# ######..#.# ##
................P#### .
.................P..###.
........................
........†÷..........
....<...†........#
..............@##
##.........(.F@######....
.......^............#.#..
...........((..P.........
.........................
.............4F..........
.####.#.....F.......... #
####.FF............ #. ###
#...)...........


You could see Rupert (berserk), 4 blink frogs, a bullfrog and a friendly orange
demon.

Vanquished Creatures
  Fannar (D:10)
  A hydra (Lair:3)
  Joseph (D:10)
  2 merfolk sirens (Lair:2)
  A rime drake (Lair:4)
  3 spiny frogs
  A kobold demonologist (D:10)
  3 komodo dragons
  2 merfolk (Lair:2)
  Prince Ribbit (D:7)
  6 blink frogs (Lair:5)
  5 slime creatures (D:10)
  2 dream sheep (Lair:5)
  7 hippogriffs
  A spriggan (D:7)
  A wraith (Ossuary)
  3 redbacks (Lair:3)
  Sigmund (D:2)
  4 basilisks
  30 yaks
  Grum (D:8)
  A hungry ghost (D:8)
  7 water moccasins
  7 porcupines
  4 orc warriors
  A sky beast (D:7)
  2 black bears (D:8)
  A phantom (D:5)
  A necrophage (D:7)
  4 ice beasts
  2 centaurs
  4 wolves
  4 ogres
  6 crocodiles
  7 big kobolds (D:10)
  8 bullfrogs
  7 scorpions
  A water moccasin skeleton (D:9)
  5 electric eels
  5 crimson imps
  2 quasits
  2 hounds
  5 orc priests
  A bullfrog zombie (D:7)
  A human zombie (Ossuary)
  A centaur skeleton (D:10)
  A jelly (D:6)
  A bullfrog skeleton (D:9)
  3 iguanas
  Natasha (twice) (D:3)
  16 orc wizards
  4 worker ants
  A killer bee zombie (D:8)
  A big kobold zombie (Ossuary)
  A hound skeleton (D:4)
  3 mummies (Ossuary)
  19 adders
  5 shadow imps
  4 adder skeletons
  3 worms
  4 dart slugs
  4 leopard geckos
  41 orcs
  6 giant cockroaches
  13 goblins
  7 hobgoblins
  3 quokkas
  2 ball pythons
  6 bats
  3 frilled lizards
  A giant cockroach zombie (D:5)
  2 gnoll zombies (D:6)
  3 goblin zombies (Ossuary)
  A hobgoblin zombie (Ossuary)
  35 kobolds
  9 kobold skeletons (D:10)
  9 kobold zombies
  2 quokka skeletons
  9 rats
  2 plants
392 creatures vanquished.

Vanquished Creatures (collateral kills)
  Urug (Lair:5)
  Sonja (Lair:5)
  2 blink frogs (Lair:5)
  4 dream sheep (Lair:5)
  A crocodile (Lair:5)
  A bullfrog (Lair:5)
10 creatures vanquished.

Vanquished Creatures (others)
  A kobold (D:10)
  A kobold skeleton (D:10)
  2 kobold zombies (D:10)
  13 fungi
  2 plants (D:8)
19 creatures vanquished.

Grand Total: 421 creatures vanquished

Notes
Turn   | Place    | Note
-------+----------+-------------------------------------------
     0 | D:1      | night the Gargoyle Gladiator began the quest for the Orb.
     0 | D:1      | Reached XP level 1. HP: 12/12 MP: 1/1
   102 | D:1      | Reached XP level 2. HP: 15/17 MP: 2/2
   491 | D:1      | Reached skill level 4 in Staves
   581 | D:1      | Reached XP level 3. HP: 21/21 MP: 3/3
   981 | D:2      | Found a shimmering altar of Xom.
  1166 | D:2      | Reached XP level 4. HP: 22/26 MP: 4/4
  1224 | D:2      | Noticed Sigmund
  1365 | D:2      | Killed Sigmund
  1365 | D:2      | Reached skill level 6 in Staves
  1365 | D:2      | Reached XP level 5. HP: 22/30 MP: 5/5
  1496 | D:2      | Reached XP level 6. HP: 30/35 MP: 6/6
  2186 | D:3      | Reached skill level 7 in Staves
  2277 | D:3      | Noticed Natasha
  2294 | D:3      | Killed Natasha
  2559 | D:3      | Noticed Natasha
  2564 | D:3      | Killed Natasha
  2720 | D:4      | Reached XP level 7. HP: 30/40 MP: 7/7
  2742 | D:4      | Found a sacrificial altar of Ru.
  2788 | D:4      | Reached skill level 8 in Staves
  2811 | D:4      | Found a white marble altar of Elyvilon.
  3267 | D:5      | Entered Level 5 of the Dungeon
  3363 | D:5      | Found a sand-covered staircase.
  3372 | Ossuary  | Entered an ossuary
  3372 | Ossuary  | Noticed a wraith
  3372 | Ossuary  | Noticed a wraith
  3372 | Ossuary  | Noticed a wraith
  3692 | Ossuary  | Noticed a wraith
  3707 | Ossuary  | Killed a wraith
  3707 | Ossuary  | Reached skill level 9 in Staves
  3707 | Ossuary  | Reached XP level 8. HP: 19/44 MP: 8/8
  4308 | D:5      | Reached skill level 1 in Bows
  4503 | D:5      | Found a glowing golden altar of the Shining One.
  4691 | D:5      | Got a tattered robe
  4703 | D:5      | Identified the +1 robe "Ceros" {-Cast +Fly rF+ rN++} (You
                  | found it on level 5 of the Dungeon)
  4967 | D:4      | Reached skill level 10 in Staves
  5097 | D:6      | Found a burning altar of Makhleb.
  5106 | D:6      | Became a worshipper of Makhleb the Destroyer
  5168 | D:6      | Reached skill level 1 in Invocations
  6013 | D:6      | Reached XP level 9. HP: 44/48 MP: 11/11
  6176 | D:6      | Found a basalt altar of Yredelemnul.
  6976 | D:7      | Reached * piety under Makhleb
  7026 | D:7      | Found a staircase to the Ecumenical Temple.
  7037 | Temple   | Entered the Ecumenical Temple
  7306 | D:7      | Found an opulent altar of Gozag.
  7308 | D:7      | Found a sacrificial altar of Ru.
  7394 | D:6      | Reached skill level 5 in Bows
  7581 | D:6      | Reached skill level 11 in Staves
  7588 | D:6      | Reached skill level 5 in Invocations
  7847 | D:7      | Noticed Prince Ribbit
  8061 | D:7      | Found an iron altar of Okawaru.
  8072 | D:7      | Found a shadowy altar of Dithmenos.
  8094 | D:7      | Killed Prince Ribbit
  8094 | D:7      | Reached XP level 10. HP: 53/53 MP: 14/14
  8127 | D:7      | Noticed a +0 hand axe
  8130 | D:7      | Found a hide-covered altar of Uskayaw.
  8130 | D:7      | Noticed a +0 hand axe
  8313 | D:7      | Found a sparkling altar of Nemelex Xobeh.
  8491 | D:7      | Found a bloodstained altar of Trog.
  8765 | D:8      | Noticed Grum
  9197 | D:8      | Reached ** piety under Makhleb
  9289 | D:8      | Found a staircase to the Lair.
  9738 | D:8      | Reached skill level 1 in Armour
  9759 | D:8      | Killed Grum
 10513 | D:9      | Found a shattered altar of Ashenzari.
 10605 | D:9      | Reached skill level 12 in Staves
 11063 | D:9      | Reached *** piety under Makhleb
 11063 | D:9      | Reached XP level 11. HP: 60/60 MP: 16/16
 11353 | D:10     | Entered Level 10 of the Dungeon
 11982 | D:10     | Noticed Joseph
 11994 | D:10     | Killed Joseph
 12253 | D:10     | Noticed Fannar
 12289 | D:10     | HP: 3/61 [Fannar/refrigeration (16)]
 12290 | D:10     | Killed Fannar
 12599 | D:10     | Reached **** piety under Makhleb
 12750 | D:10     | Found an ancient bone altar of Kikubaaqudgha.
 12970 | Lair:1   | Entered Level 1 of the Lair of Beasts
 13294 | Lair:1   | Reached skill level 5 in Fighting
 13406 | Lair:1   | Reached skill level 13 in Staves
 14034 | Lair:2   | Found a transporter.
 14036 | Lair:2   | Noticed Junaliek's ghost (journeyman MiFi)
 14037 | Lair:2   | Found a transporter.
 14037 | Lair:2   | Noticed a five-headed hydra
 14194 | Lair:2   | Noticed an oklob plant
 14194 | Lair:2   | Noticed an oklob plant
 14195 | Lair:2   | Noticed an oklob plant
 14375 | Lair:2   | Found a staircase to the Shoals.
 14398 | Lair:2   | Reached skill level 5 in Armour
 14398 | Lair:2   | Reached XP level 12. HP: 64/68 MP: 18/18
 14429 | Lair:2   | Reached ***** piety under Makhleb
 15054 | Lair:3   | Noticed a six-headed hydra
 15063 | Lair:3   | Killed a six-headed hydra
 15320 | Lair:3   | Found a hole to the Spider Nest.
 15650 | Lair:4   | Noticed a death yak
 15650 | Lair:4   | Noticed a death yak
 16176 | Lair:4   | Noticed a death yak
 16177 | Lair:4   | Noticed a death yak
 16188 | Lair:4   | Noticed a death yak
 16190 | Lair:4   | Noticed a death yak
 16257 | Lair:2   | Learned a level 1 spell: Apportation
 16263 | Lair:2   | Got a transparent flail
 16264 | Lair:2   | Identified the +3 flail of Ambiguity {flame, Str+4} (You
                  | found it on level 2 of the Lair of Beasts)
 16701 | Lair:5   | Reached skill level 1 in Maces & Flails
 17079 | Lair:5   | Reached skill level 10 in Invocations
 17097 | Lair:5   | Reached XP level 13. HP: 76/76 MP: 20/20
 17112 | Lair:5   | Noticed Sonja
 17117 | Lair:5   | Killed Sonja
 17119 | Lair:5   | Noticed Urug
 17129 | Lair:5   | Killed Urug
 17150 | Lair:5   | Noticed Rupert
 17186 | Lair:5   | Slain by Rupert

Skill      XL: |  1  2  3  4  5  6  7  8  9 10 11 12 13 |
---------------+----------------------------------------+-----
Staves         | 4 6 7 9 10 11 12 13 | 13.7
Bows           | 3 6 7 8 9 |  9.7
Invocations    | 2 5 7 8 10 | 10.1
Armour         | 2 5 7 |  7.1
Fighting       | 3 5 7 |  7.4
Maces & Flails | 2 3 |  3.1
Throwing       | |  1.7
Dodging        | |  2.4

Action                   |  1- 3 |  4- 6 |  7- 9 | 10-12 | 13-15 || total
-------------------------+-------+-------+-------+-------+-------++-------
Melee: Quarterstaff      |   114 |   139 |   557 |  1203 |       ||  2013
       Flail             |       |       |       |    66 |    13 ||    79
 Fire: Shortbow          |       |       |    15 |    45 |       ||    60
 Cast: Apportation       |       |       |       |    10 |       ||    10
Invok: Minor Destruction |       |       |       |     1 |       ||     1
       Lesser Servant of |       |       |       |     2 |     3 ||     5
Evoke: Wand              |       |    11 |    26 |    21 |     2 ||    60
  Use: Scroll            |       |     1 |    16 |    11 |     1 ||    29
       Potion            |       |       |     1 |     4 |       ||     5
 Stab: Paralysed         |       |     1 |       |       |       ||     1
  Eat: Chunk             |     1 |     5 |    16 |    27 |     1 ||    50
       Ration            |       |       |       |     2 |       ||     2
Armor: Leather armour    |    61 |    47 |     8 |       |       ||   116
       Ring mail         |       |       |   268 |   351 |     9 ||   628
       Scale mail        |       |       |       |   157 |       ||   157
Dodge: Dodged            |    77 |    93 |   251 |   444 |    10 ||   875
